 Dungeon Crawl Stone Soup version 0.31-a0-845-g9abc20d24f (webtiles) character file.

Game seed: 401098074549362147

114 Kurtz the Chopper (level 4, -2/31 HPs)
             Began as an Octopode Fighter on Oct 1, 2023.
             Slain by Ijyb
             ... wielding a +0 club
              (4 damage)
             ... on level 3 of the Dungeon.
             The game lasted 00:01:22 (1585 turns).

Kurtz the Chopper (Octopode Fighter)                Turns: 1585, Time: 00:01:23

Health: -2/31      AC:  1    Str: 15    XL:     4   Next: 97%
Magic:  4/4        EV: 13    Int: 16    God:
Gold:   95         SH:  4    Dex: 13    Spells: 3/3 levels left

rFire   . . .        a - +0 war axe
rCold   . . .        b - +0 buckler
rNeg    . . .        (helmet restricted)
rPois   .            (no amulet)
rElec   .            t - +6 ring of intelligence
rCorr   .            (no ring)
SInv    .            (no ring)
Will    .....        (no ring)
Stlth   ++           (no ring)
HPRegen 0.25/turn    (no ring)
MPRegen 0.09/turn    (no ring)
                     (no ring)

%: no passive effects
@: brilliant
A: almost no armour, amphibious, 8 rings, camouflage 1, gelatinous body 1,
(nimble swimmer 1), tentacles
a: no special abilities


You were on level 3 of the Dungeon.
You visited 1 branch of the dungeon, and saw 3 of its levels.

You collected 95 gold pieces.

Inventory:

Hand Weapons
 a - a +0 war axe (weapon)
Missiles
 d - 5 boomerangs
 g - 4 javelins
Armour
 b - a +0 buckler (worn)
Jewellery
 t - a +6 ring of intelligence (left tentacle)
Talismans
 l - a beast talisman
Scrolls
 e - a scroll of vulnerability {unknown}
 f - 4 scrolls of noise {unknown}
 j - 2 scrolls of enchant weapon {unknown}
 k - a scroll of fear {unknown}
 n - 2 scrolls of identify {unknown}
 o - a scroll of revelation {unknown}
 r - a scroll of blinking {unknown}
Potions
 c - a potion of might
 i - a potion of berserk rage {unknown}
 m - a potion of brilliance
 p - a potion of mutation {unknown}
 q - a potion of resistance {unknown}
 s - a potion of haste {unknown}


   Skills:
 - Level 3.0 Fighting
 * Level 4.8 Axes
 - Level 3.0 Dodging
 + Level 0.4 Stealth
 - Level 3.0 Shields
 * Level 0.7 Shapeshifting


You had 3 spell levels left.
You didn't know any spells.
Your spell library was empty.

Dungeon Overview and Level Annotations

Branches:
Dungeon (3/15)

Altars:
Cheibriados

Annotations:
D:3 Ijyb


Innate Abilities, Weirdness & Mutations

You cannot wear most types of armour.
You are amphibious.
You can wear up to eight rings at the same time.
Your skin changes colour to match your surroundings (Stealth+).
Your rubbery body absorbs attacks. (AC +1, EV +1)
((You are camouflaged when in or above water. (Stealth+)))
You have tentacles for arms and can constrict up to eight enemies at once.


Message History

A ball python comes into view.
Found a scroll labelled KOWNAPI ITSUHU.
A ball python is nearby!
A ball python is nearby!
A hobgoblin comes into view.
The ball python closely misses you. The ball python grabs you.
The ball python constricts you.
You slash the ball python!
You kill the ball python!
The hobgoblin shouts!
Ijyb the Twisted Goblin comes into view.
She is wielding a +0 club and carrying a wand of mindburst.
Ijyb shouts!
You hit Ijyb. Your grab misses Ijyb.
Ijyb is moderately wounded.
Ijyb misses you. Ijyb hits you with a +0 club.
Unknown command.
You barely miss Ijyb. Your grab misses Ijyb.
Ijyb is lightly wounded.
Ijyb zaps a wand.
You barely resist.
Unknown command.
You barely miss Ijyb. You grab Ijyb. You squeeze Ijyb.
Ijyb is heavily wounded.
You hit the hobgoblin.
You kill the hobgoblin!
You constrict Ijyb. Ijyb hits you with a +0 club.
You hit Ijyb but do no damage.
Ijyb is heavily wounded.
You constrict Ijyb, but do no damage.
Ijyb zaps a wand.
Your mind is blasted!
Ouch! That really hurt!
* * * LOW HITPOINT WARNING * * *
Ijyb zaps a wand.
Your mind is blasted!
* * * LOW HITPOINT WARNING * * *
It was a potion of curing.
You feel better.
You constrict Ijyb.
Ijyb screams, "Die!"
Ijyb zaps a wand.
Your mind is blasted!
* * * LOW HITPOINT WARNING * * *
It was a potion of brilliance.
You feel clever all of a sudden.
You constrict Ijyb. Ijyb hits you with a +0 club.
You die...

#. #. #. ##.##
##...### ##......
###....g.# #
........@# .#
..?......###.#
............#
#..#
...........## #..
#..........>#
#....##.###.##.$#
#.##.##.# #. #..#
#.##.#.# #.##..#
####.##..#
#..#).# #


You could see Ijyb.

Vanquished Creatures
  An iguana (D:3)
  A gnoll (D:1)
  2 adders (D:2)
  A worm (D:2)
  3 dart slugs
  4 endoplasms
  3 giant cockroaches (D:1)
  6 goblins
  4 hobgoblins
  3 jackals (D:1)
  A quokka (D:2)
  4 ball pythons
  3 bats (D:1)
  4 frilled lizards
  6 kobolds
  6 rats
52 creatures vanquished.

Notes
Turn   | Place    | Note
-------+----------+-------------------------------------------
     0 | D:1      | Kurtz the Octopode Fighter began the quest for the Orb.
     0 | D:1      | Reached XP level 1. HP: 16/16 MP: 1/1
   133 | D:1      | Reached XP level 2. HP: 21/21 MP: 2/2
   190 | D:1      | Reached skill level 3 in Axes
   442 | D:1      | Reached XP level 3. HP: 26/26 MP: 3/3
   715 | D:1      | Reached skill level 4 in Axes
   992 | D:2      | Reached XP level 4. HP: 27/31 MP: 4/4
  1222 | D:2      | Found a snail-covered altar of Cheibriados.
  1577 | D:3      | Noticed Ijyb
  1585 | D:3      | Slain by Ijyb

Illustrated notes

Levels and vault maps discovered:
D:1:      amcnicky_arrival_gap_in_the_tavern_cellar, layout_basic,
          minmay_misc_feat_tower, st_stairs_4, minmay_close_crescents
D:2:      layout_rooms, basic_altar
D:3:      layout_loops_ring, nicolae_overflow_ecumenical_swirl, st_stairs_10,
          glass_columns_a, uniq_ijyb, uniq_natasha

Skill      XL: |  1  2  3 |
---------------+----------+-----
Axes           | 3 4 |  4.8
Fighting       | |  3.0
Dodging        | |  3.0
Stealth        | |  0.4
Shields        | |  3.0
Shapeshifting  | |  0.7

Action                     |  1- 3 |  4- 6 || total
---------------------------+-------+-------++-------
  Melee: War axe           |    64 |    21 ||    85
         Constrict         |    14 |     8 ||    22
         Tentacles         |     7 |     7 ||    14
    Use: Potion            |       |     2 ||     2
   Stab: Sleeping          |     3 |       ||     3
 Armour: Skin              |    27 |     7 ||    34
  Dodge: Dodged            |    33 |     9 ||    42
  Block: Buckler           |     8 |     1 ||     9

Table legend: (Time is in decaauts)
 A = Elapsed time spent in this place.
 B = Non-inter-level travel time spent in this place.
 C = Inter-level travel time spent in this place.
 D = Time resting spent in this place.
 E = Time spent auto-exploring this place.
 F = Levels seen in this place.
 G = Mean time per level.
                   A        B        C        D        E       F      G
               +--------+--------+--------+--------+--------+-----+--------+
         Total |   1621 |   1515 |    106 |     26 |   1170 |   3 |  540.3 |
       Dungeon |   1621 |   1515 |    106 |     26 |   1170 |   3 |  540.3 |
               +--------+--------+--------+--------+--------+-----+--------+

Top non-repeatable levels by time:
     D:1: 1016 daAuts
     D:2: 492 daAuts
     D:3: 111 daAuts
